 Dungeon Crawl Stone Soup version 0.31.0-9-g3a7656b989 (webtiles) character file.

Game seed: 16893863429254374283

107 ProzacElf the Slasher (level 4, -1/25 HPs)
             Began as a Deep Elf Gladiator on Jan 25, 2024.
             Succumbed to an orc's poison
             ... on level 2 of the Dungeon.
             The game lasted 00:04:19 (1669 turns).

ProzacElf the Slasher (Deep Elf Gladiator)          Turns: 1669, Time: 00:04:20

Health: -1/25      AC:  6    Str: 11    XL:     4   Next: 56%
Magic:  6/6        EV: 12    Int: 13    God:
Gold:   82         SH:  0    Dex: 18    Spells: 2/3 levels left

rFire   . . .        a - +0 long sword
rCold   . . .        (no shield)
rNeg    . . .        u - +0 ring mail
rPois   .            c - +0 helmet
rElec   .            (no cloak)
rCorr   .            (no gloves)
SInv    .            (no boots)
Will    .....        (no amulet)
Stlth   ++           (no ring)
HPRegen 0.24/turn    (no ring)
MPRegen 0.10/turn

%: no passive effects
@: lethally poisoned (-1 -> -24)
A: no striking features
a: no special abilities


You were on level 2 of the Dungeon.
You visited 1 branch of the dungeon, and saw 3 of its levels.

You collected 82 gold pieces.

Inventory:

Hand Weapons
 a - a +0 long sword (weapon)
 b - a +1 short sword of freezing
 q - a +0 short sword
Missiles
 e - a javelin
 v - 2 throwing nets (quivered)
Armour
 c - a +0 helmet (worn)
 i - a +0 leather armour
 u - a +0 ring mail (worn)
 w - an orb of wrath
 x - a +0 plate armour
Wands
 d - a wand of charming (8)
Scrolls
 f - 4 scrolls of identify {unknown}
 g - a scroll of noise {unknown}
 h - a scroll of immolation {unknown}
 k - a scroll of fog {unknown}
 l - a scroll of amnesia {unknown}
 o - a scroll of torment {unknown}
 s - a scroll of blinking {unknown}
Potions
 n - a potion of might {unknown}
 p - a potion of brilliance {unknown}
 r - a potion of haste {unknown}
 t - a potion of curing {unknown}


   Skills:
 - Level 1.5 Fighting
 + Level 3.9 Long Blades
 - Level 2.0 Throwing
 - Level 3.6 Dodging
 + Level 3.9 Stealth


You had 2 spell levels left.
You knew the following spells:

 Your Spells              Type           Power      Damage    Failure   Level
a - Summon Small Mammal   Summ           0%         N/A       58%         1

Your spell library contained the following spells:

 Spells                   Type           Power      Damage    Failure   Level
 Call Canine Familiar     Summ           0%         N/A       92%         3
 Summon Blazeheart Golem  Fire/Summ      0%         N/A       100%        4


Dungeon Overview and Level Annotations

Branches:
Dungeon (3/15)

Altars:
Ashenzari
Cheibriados


Message History

Tha orc completely misses ye.
Tha orc priest mumbles some strange prayers ta Beogh against ye.
Beogh smites ye!
Ouch! Tha re'lly hurt!
* * * LOW HITPOINT WARNIN'
* * * A mesterious force pulls ye upwards.
Tha hatch slams shut behind ye.
Ye feel sick.
Ye take 18 damage, an' haf 4/25 hp.
MASSIVE DAMAGE!!
Ye feel much better.
Ye feel sick.
Tha orc hits ye but does nay damage.
Tha orc closely misses ye.
Ye regain'd 18 hp, an' now haf 22/25 hp.
Ye hit tha orc.
Tha orc be almost dead.
Ye feel sick.
Ye be nay longer poison'd.
Tha orc hits ye but does nay damage.
Tha orc barely misses ye.
Ye barely miss tha orc.
Tha orc be almost dead.
Tha orc closely misses ye.
Tha orc hits ye but does nay damage.
Ye be poison'd.
Ye closely miss tha orc.
Tha orc be almost dead.
Ye feel very sick.
Tha orc closely misses ye.
Tha orc hits ye but does nay damage.
Ye be more poison'd.
Tha orc hits ye but does nay damage.
Tha orc hits ye wit' a +1 dagger o' venom.
Ye be more poison'd.
Ye take 7 damage, an' haf 15/25 hp.
MASSIVE DAMAGE!!
Ye hit tha orc but do nay damage.
Tha orc be almost dead.
* * * LOW HITPOINT WARNIN'
* * * Ye feel 'stremely sick.
Tha orc hits ye wit' a +0 short sword.
* * * LOW HITPOINT WARNIN'
* * * Tha orc hits ye wit' a +1 dagger o' venom.
* * * LOW HITPOINT WARNIN'
* * * Ye take 12 damage, an' haf 3/25 hp.
MASSIVE DAMAGE!!
It was a potion o' cancellation.
Ye feel magic'lly purged.
Ye die...

#.##..........#.# ####
#.##..........#.## #...
#.##..........#..# #...
#.##..........##.### #...
#.###..........#...###... ##
#.###...........##....... .##
#.##..........#.........> ..##
#.##...oo.....#.#..##..#. ...#
#.##....@...........#..#. ...#
##>##..........#.###....#. ...#
##..##..........#...#....#)
...####..##..........##........#.
...#........##......#...#.#....#.
)........##########...###......#.
.........# #.........# #......#.
.........####.........# #......##
...#..<...............# ###.....#


You could see 2 orcs.

Vanquished Creatures
  Jessica (D:3)
  Ijyb (D:3)
  An adder (D:3)
  2 ribbon worms
  4 bats
  5 endoplasms
  2 giant cockroaches
  2 goblins (D:2)
  2 hobgoblins
  6 kobolds
  4 quokkas (D:1)
  6 ball pythons
  6 rats
42 creatures vanquished.

Notes
Turn   | Place    | Note
-------+----------+-------------------------------------------
     0 | D:1      | ProzacElf the Deep Elf Gladiator began the quest for the
                  | Orb.
     0 | D:1      | Reached XP level 1. HP: 12/12 MP: 3/3
   118 | D:1      | Reached skill level 1 in Stealth
   157 | D:1      | Reached XP level 2. HP: 16/16 MP: 4/4
   743 | D:2      | Reached XP level 3. HP: 2/20 MP: 5/5
  1178 | D:2      | Learned a level 1 spell: Summon Small Mammal
  1293 | D:3      | Found a snail-covered altar of Cheibriados.
  1293 | D:3      | Noticed Ijyb
  1318 | D:3      | Killed Ijyb
  1409 | D:3      | Reached XP level 4. HP: 25/25 MP: 6/6
  1429 | D:3      | Found a broken altar of Ashenzari.
  1497 | D:3      | Noticed Jessica
  1519 | D:3      | Killed Jessica
  1660 | D:3      | HP: 1/25 [orc priest/divine providence (11)]
  1669 | D:2      | Succumbed to an orc's poison

Illustrated notes

Levels and vault maps discovered:
D:1:      minmay_arrival_jagged, layout_basic
D:2:      minmay_wonky_spiral, layout_rooms
D:3:      layout_basic, evilmike_ruin_ashenzari, mainiacjoe_overflow_paths,
          general_overflow_altar, mainiacjoe_overflow_24_doors,
          mainiacjoe_overflow_boulevard, uniq_jessica, uniq_ijyb

Skill      XL: |  1  2  3 |
---------------+----------+-----
Stealth        | 1 2 3 |  3.9
Long Blades    | 3 |  3.9
Fighting       | |  1.5
Throwing       | |  2.0
Dodging        | |  3.6

Action                     |  1- 3 |  4- 6 || total
---------------------------+-------+-------++-------
  Melee: Long sword        |    69 |    28 ||    97
         Punch             |     1 |       ||     1
         Short sword       |    23 |       ||    23
  Throw: Throwing net      |     5 |       ||     5
    Use: Potion            |       |     3 ||     3
   Stab: Sleeping          |     7 |     1 ||     8
         Held in net/web   |     2 |       ||     2
 Armour: Leather armour    |    30 |       ||    30
         Ring mail         |    13 |    29 ||    42
  Dodge: Dodged            |    62 |    17 ||    79

Action                     |  1- 3 |  4- 6 || total
---------------------------+-------+-------++-------
  Melee: Long sword        |    69 |    28 ||    97
         Punch             |     1 |       ||     1
         Short sword       |    23 |       ||    23
  Throw: Throwing net      |     5 |       ||     5
    Use: Potion            |       |     3 ||     3
   Stab: Sleeping          |     7 |     1 ||     8
         Held in net/web   |     2 |       ||     2
 Armour: Leather armour    |    30 |       ||    30
         Ring mail         |    13 |    29 ||    42
  Dodge: Dodged            |    62 |    17 ||    79

Levels and vault maps discovered:
D:1:      minmay_arrival_jagged, layout_basic
D:2:      minmay_wonky_spiral, layout_rooms
D:3:      layout_basic, evilmike_ruin_ashenzari, mainiacjoe_overflow_paths,
          general_overflow_altar, mainiacjoe_overflow_24_doors,
          mainiacjoe_overflow_boulevard, uniq_jessica, uniq_ijyb
